 Dungeon Crawl Stone Soup version 0.31-a0-700-gf13585253f (webtiles) character file.

Game seed: 11761874698101233974

12569 runemasterragnar the Fighter (level 11, -14/101 HPs)
             Began as a Purple Draconian Shapeshifter on Sept 7, 2023.
             Was a High Priest of Jiyva.
             Demolished by a sun demon (25 damage)
             ... summoned by a kobold demonologist
             ... on level 11 of the Dungeon.
             The game lasted 00:11:49 (7993 turns).

runemasterragnar the Fighter (DrSh)                 Turns: 7993, Time: 00:11:49

Health: -14/101    AC:  3    Str: 25    XL:     11   Next: 64%
Magic:  11/11      EV: 20    Int:  9    God:    Jiyva [*****.]
Gold:   477        SH:  0    Dex: 12    Spells: 10/10 levels left

rFire   + .          .
                       - Unarmed
rCold   . . .        (shield currently unavailable)
rNeg    . . .        (body armour unavailable)
rPois   .            (helmet unavailable)
rElec   .            (no cloak)
rCorr   +            (no gloves)
SInv    +            (no boots)
Will    ++...        k - amulet of the acrobat
Stlth   +            y - +5 ring of evasion
HPRegen 1.80/turn    K - ring of protection from fire
MPRegen 0.57/turn

%: acrobat
@: flux-form, corroded, flying, glowing
A: glow, contaminating, flying, breathe power, AC +7, unfitting armour,
cold-blooded, big wings, hooves 1, horns 3, stinger 3, thin skeletal structure
1, see invisible, strong-willed 1, strong 1, MP-powered wands
a: Breathe Dispelling Energy, Begin Untransformation, Renounce Religion,
Oozemancy, Slimify


You were on level 11 of the Dungeon.
You worshipped Jiyva.
Jiyva was extremely pleased with you.
You were something dangerously unstable.
You visited 1 branch of the dungeon, and saw 11 of its levels.
You also visited: Sewer.

You collected 477 gold pieces.

Inventory:

Hand Weapons
 v - a +5 scimitar
Armour
 j - a +0 pair of boots
 C - an orb of guile
 E - a +0 cloak of poison resistance
Jewellery
 k - an amulet of the acrobat (around neck)
 p - a ring of fire
 q - a ring of ice
 r - a ring of fire
 y - a +5 ring of evasion (left hand)
 K - a ring of protection from fire (right hand)
Talismans
 b - a beast talisman
 D - a flux talisman (active)
Wands
 c - a wand of flame (3)
 o - a wand of charming (15)
 B - a wand of polymorph (2)
 F - a wand of iceblast (2)
Scrolls
 a - 5 scrolls of teleportation {unknown}
 e - 2 scrolls of immolation {unknown}
 m - 3 scrolls of identify
 n - 2 scrolls of vulnerability {unknown}
 s - 2 scrolls of enchant armour {unknown}
 u - a scroll of amnesia {unknown}
 w - 4 scrolls of blinking {unknown}
 x - 2 scrolls of fog {unknown}
 z - a scroll of fear {unknown}
 A - 2 scrolls of poison {unknown}
 I - a scroll of brand weapon {unknown}
 L - a scroll of acquirement {unknown}
 M - a scroll of noise {unknown}
Potions
 d - 5 potions of brilliance
 f - a potion of heal wounds
 g - 2 potions of ambrosia
 h - 2 potions of mutation
 i - 2 potions of enlightenment {unknown}
 l - 4 potions of curing {unknown}
 t - 3 potions of resistance {unknown}
 G - a potion of berserk rage {unknown}
 H - a potion of might {unknown}
 J - a potion of attraction {unknown}


   Skills:
 + Level 10.3 Fighting
 + Level 8.9 Dodging
 + Level 10.0 Unarmed Combat
 + Level 9.3 Shapeshifting


You had 10 spell levels left.
You didn't know any spells.
Your spell library contained the following spells:

 Spells                   Type           Power      Damage    Failure   Level
 Apportation              Tloc           0%         N/A       38%         1
 Cigotuvi's Dreadful Rot  Necr/Pois/Air  0%         N/A       52%         2
 Ensorcelled Hibernation  Hex/Ice        0%         N/A       52%         2
 Jinxbite                 Hex            0%         N/A       52%         2
 Static Discharge         Conj/Air       0%         2-2/arc   52%         2
 Dazzling Flash           Conj/Hex       0%         N/A       77%         3
 Ignite Poison            Fire/Tmut/Pois 0%         N/A       77%         3
 Volatile Blastmotes      Fire/Tloc      0%         2d10      77%         3
 Airstrike                Air            0%         2d(0-16)  99%         4
 Anguish                  Hex/Necr       0%         N/A       99%         4
 Summon Lightning Spire   Summ/Air       0%         N/A       99%         4
 Alistair's Intoxication  Tmut/Pois      0%         N/A       100%        5
 Freezing Cloud           Conj/Ice/Air   0%         6-21      100%        5
 Starburst                Conj/Fire      0%         6d3       100%        6
 Maxwell's Capacitive Co  Air            0%         ∞         100%        8
 Chain Lightning          Conj/Air       0%         N/A       100%        9
 Fire Storm               Conj/Fire      0%         5d1       100%        9
 Shatter                  Erth           0%         3d5*      100%        9


Dungeon Overview and Level Annotations

Branches:
Dungeon (11/15)            Temple (0/1) D:7            Lair (0/5) D:8
    Orc (0/2) D:10          Sewer (visited)

Altars:
Fedhas
Kikubaaqudgha
Nemelex Xobeh
Qazlal
Ru
Uskayaw
Vehumet
The Shining One
Jiyva

Shops:
D:8 [

Annotations:
D:2 1 runed translucent door, Crazy Yiuf
D:4 2 transporters


Innate Abilities, Weirdness & Mutations

You are something dangerously unstable.
You glow with magical radiation, making you easy to see and hit.
Foes you strike become dangerously contaminated with magical radiation.
You are flying.
You are incapable of wielding weapons or throwing items.
You can breathe bolts of dispelling energy.
Your rich purple scales are hard. (AC +7)
You cannot fit into any form of body armour.
You are cold-blooded and may be slowed by cold attacks.
Your large and strong wings let you fly.
You have large cloven feet.
You have a pair of large horns on your head.
Your tail ends in a wickedly sharp and venomous barb.
You have a somewhat thin skeletal structure. (Dex +2, Stealth+)
You have supernaturally acute eyesight. (SInv)
You are strong-willed. (Will+)
Your muscles are strong. (Str +4, Int/Dex -1)
You expend magic power (3 MP) to strengthen your wands.


Message History

You kill the unseen horror!
Your Unarmed Combat skill increases to level 10!
Unknown command.
A kobold comes into view. It is wielding a +0 short sword.
A kobold brigand comes into view.
It is wielding a +0 dagger and quivering poisoned darts.
You hear a distant slurping noise.
The kobold demonologist casts a spell.
The kobold brigand shouts!
You hear a shout!
A kobold comes into view.
It is wielding a +0 short sword and quivering poisoned darts.
The kobold brigand throws a poisoned dart.
The poisoned dart completely misses you.
The kobold demonologist mumbles some strange words.
Unknown command.
You hear a slurping noise.
You hear a distant slurping noise.
You hear a distant slurping noise.
You see here a book of Storms.
You pick up a book of Storms and begin reading...
You add the spells Static Discharge, Airstrike and Summon Lightning Spire to your library.
The sixfirhy hits you. The sixfirhy shocks you!
You hear a distant slurping noise.
You punch the kobold demonologist!
The kobold demonologist begins to glow.
You kick the kobold demonologist, but do no damage.
The kobold demonologist is moderately wounded.
The sixfirhy hits you. The sixfirhy shocks you!
The sixfirhy closely misses you. The sixfirhy hits you!
The sixfirhy shocks you! The sun demon hits you.
You are engulfed in flames!
You resist. The sixfirhy hits you!
* * * LOW HITPOINT WARNING * * *
The sixfirhy shocks you!
* * * LOW HITPOINT WARNING * * *
Unknown command.
You feel much better. The sun demon hits you!!
* * * LOW HITPOINT WARNING * * *
You shudder from the blow and a jelly pops out!
You are engulfed in flames.
You resist.
* * * LOW HITPOINT WARNING * * *
The kobold demonologist hits you with a +0 dagger.
* * * LOW HITPOINT WARNING * * *
The sun demon hits you!!
You die...

#. #####
#...#K3B###
....#.3K..##
.....K...J.#
...K.......###
.............#
............###
.....J........##
..............<#
.............<##


You could see a sun demon (summoned, ally target), a kobold demonologist
(contam), a sixfirhy (summoned), a kobold brigand, 2 kobolds, a neutral jelly
(wandering) (fellow slime) and a friendly acid blob (summoned).

Vanquished Creatures
  Erolcha (D:9)
  3 two-headed ogres (D:10)
  A centaur warrior (D:10)
  A harpy (D:10)
  An orc knight (D:10)
  Maurice (D:9)
  Jeremiah (D:9)
  A gargoyle (D:10)
  An unseen horror (D:11)
  A kobold demonologist (D:10)
  2 trolls
  A meliai (D:10)
  5 yaks
  2 wyverns (D:8)
  Grum (D:9)
  2 vampire mosquitoes (D:10)
  A basilisk (D:8)
  An acid dragon (D:11)
  A water moccasin (D:5)
  8 orc warriors
  4 black bears
  3 ice beasts
  4 centaurs
  3 wolves (D:9)
  4 kobold brigands (D:9)
  2 bullfrogs
  2 scorpions
  23 wights
  A killer bee (D:10)
  7 howler monkeys
  A hound (D:3)
  4 orc priests
  A gnoll bouda (D:6)
  Jessica (D:2)
  Terence (D:2)
  An iguana (D:6)
  8 orc wizards
  14 gnolls
  6 adders
  A river rat (D:3)
  2 shadow imps
  2 white imps (D:7)
  An ufetubus (D:6)
  4 dart slugs
  27 orcs
  An endoplasm (D:1)
  6 giant cockroaches
  5 goblins
  9 hobgoblins
  2 jackals (D:1)
  11 quokkas
  9 ball pythons
  A bat (D:1)
  2 frilled lizards
  14 kobolds
  6 rats
229 creatures vanquished.

Vanquished Creatures (collateral kills)
  Prince Ribbit (D:8)
  A shadow (D:7)
  An orc priest (D:6)
  An orc wizard (D:6)
  2 orcs (D:6)
6 creatures vanquished.

Vanquished Creatures (others)
  A kobold demonologist (D:9)
  A shadow (D:9)
  An ogre (D:5)
  2 bullfrogs (Sewer)
  A scorpion (D:7)
  2 howler monkeys (D:9)
  12 jellies
  2 orc priests (D:7)
  A sleepcap (D:6)
  An orc wizard (D:9)
  A gnoll (D:5)
  2 adders (Sewer)
  6 orcs
  2 ball pythons (Sewer)
  4 endoplasms (Sewer)
  10 giant cockroaches (Sewer)
  2 kobolds (D:9)
  6 quokkas (Sewer)
  A bat (D:3)
  8 frilled lizards (Sewer)
66 creatures vanquished.

Grand Total: 301 creatures vanquished

Notes
Turn   | Place    | Note
-------+----------+-------------------------------------------
     0 | D:1      | runemasterragnar the Draconian Shapeshifter began the quest
                  | for the Orb.
     0 | D:1      | Reached XP level 1. HP: 16/16 MP: 1/1
     3 | D:1      | Noticed an electric eel
     4 | D:1      | Noticed an electric eel
   245 | D:1      | Reached XP level 2. HP: 18/23 MP: 2/2
   859 | D:2      | Reached XP level 3. HP: 29/29 MP: 3/3
   884 | D:2      | Noticed Jessica
   898 | D:2      | Killed Jessica
  1428 | D:2      | Found a runed translucent door.
  1429 | D:2      | Noticed Crazy Yiuf
  1555 | D:2      | Noticed Terence
  1561 | D:2      | HP: 1/39 [Terence/+0 trident (7)]
  1562 | D:2      | Killed Terence
  1563 | D:2      | Reached XP level 4. HP: 2/36 MP: 4/4
  2322 | D:2      | Gained mutation: Your tail ends in a venomous barb. [potion
                  | of mutation]
  2322 | D:2      | Gained mutation: You expend magic power (3 MP) to
                  | strengthen your wands. [potion of mutation]
  2410 | D:3      | Found a faded altar of an unknown god.
  2421 | D:3      | Prayed at the altar of an unknown god.
  2421 | D:3      | Became a worshipper of Jiyva Juzum the Shapeless
  2421 | D:3      | Reached * piety under Jiyva
  2506 | D:3      | Found a glowing drain.
  2510 | Sewer    | Entered a sewer
  2550 | Sewer    | Reached XP level 5. HP: 42/42 MP: 5/5
  2761 | D:3      | Reached ** piety under Jiyva
  2896 | D:3      | Found a sparkling altar of Nemelex Xobeh.
  3253 | D:4      | Found a transporter.
  3367 | D:4      | Found a transporter.
  3454 | D:4      | Reached *** piety under Jiyva
  3576 | D:4      | Gained mutation: You have hidden genetic potential.
                  | [Jiyva's grace]
  3576 | D:4      | Gained mutation: You have great hidden genetic potential.
                  | [Jiyva's grace]
  3576 | D:4      | Gained mutation: You have large cloven feet. [Jiyva's
                  | grace]
  3576 | D:4      | Gained mutation: You have hoof-like feet. [Jiyva's grace]
  3659 | D:4      | Found a blossoming altar of Fedhas.
  3731 | D:5      | Entered Level 5 of the Dungeon
  3736 | D:5      | Noticed an ice beast
  3756 | D:5      | Killed an ice beast
  3757 | D:5      | Reached XP level 6. HP: 51/51 MP: 6/6
  3864 | D:5      | Noticed a water moccasin
  3882 | D:5      | Killed a water moccasin
  3884 | D:5      | Gained mutation: You possess an exceptional clarity of
                  | mind. [hidden potential]
  3931 | D:5      | Your scales start taking on a rich purple colour.
  3931 | D:5      | Reached XP level 7. HP: 53/59 MP: 7/7
  4091 | D:5      | Reached **** piety under Jiyva
  4169 | D:6      | Gained mutation: You are partially covered in large bone
                  | plates. (SH +4) [hidden potential]
  4169 | D:6      | Lost mutation: You have great hidden genetic potential.
                  | [hidden potential expressed]
  4217 | D:6      | Reached skill level 5 in Unarmed Combat
  4257 | D:6      | Reached skill level 5 in Shapeshifting
  4298 | D:6      | Reached skill level 5 in Fighting
  4298 | D:6      | Reached XP level 8. HP: 56/68 MP: 6/8
  4411 | D:6      | Gained mutation: Your large and strong wings let you fly.
                  | [hidden potential]
  4437 | D:6      | Reached skill level 5 in Dodging
  4959 | D:7      | Reached ***** piety under Jiyva
  5023 | D:7      | Found a staircase to the Ecumenical Temple.
  5057 | D:7      | Gained mutation: Your mind is acute. (Int +4, Str/Dex -1)
                  | [Jiyva's grace]
  5057 | D:7      | Gained mutation: Your mind is very acute. (Int +8, Str/Dex
                  | -2) [Jiyva's grace]
  5057 | D:7      | Gained mutation: Your muscles are strong. (Str +4, Int/Dex
                  | -1) [Jiyva's grace]
  5057 | D:7      | Gained mutation: Your muscles are very strong. (Str +8,
                  | Int/Dex -2) [Jiyva's grace]
  5235 | D:7      | Reached XP level 9. HP: 77/77 MP: 9/9
  5471 | D:8      | Gained mutation: You are strong-willed. (Will+) [hidden
                  | potential]
  5471 | D:8      | Lost mutation: You have hidden genetic potential. [hidden
                  | potential expressed]
  5516 | D:8      | Found Xenkelu's Armour Shoppe.
  5545 | D:8      | Noticed Prince Ribbit
  5562 | D:8      | Killed Prince Ribbit
  5790 | D:8      | Reached XP level 10. HP: 85/87 MP: 10/10
  6111 | D:8      | Found a staircase to the Lair.
  6337 | D:9      | Lost mutation: You have hoof-like feet. [Jiyva's grace]
  6337 | D:9      | Lost mutation: You are partially covered in large bone
                  | plates. (SH +4) [Jiyva's grace]
  6337 | D:9      | Lost mutation: You possess an exceptional clarity of mind.
                  | [Jiyva's grace]
  6337 | D:9      | Gained mutation: You have a pair of small horns on your
                  | head. [Jiyva's grace]
  6337 | D:9      | Gained mutation: You have a pair of horns on your head.
                  | [Jiyva's grace]
  6337 | D:9      | Gained mutation: You have a pair of large horns on your
                  | head. [Jiyva's grace]
  6337 | D:9      | Gained mutation: You have a somewhat thin skeletal
                  | structure. (Dex +2, Stealth+) [Jiyva's grace]
  6345 | D:9      | Reached ****** piety under Jiyva
  6420 | D:9      | Noticed Jeremiah
  6431 | D:9      | Killed Jeremiah
  6451 | D:9      | Noticed Maurice
  6470 | D:9      | Killed Maurice
  6478 | D:9      | Noticed Erolcha
  6509 | D:9      | Killed Erolcha
  6588 | D:9      | Noticed Grum
  6594 | D:9      | Killed Grum
  7016 | D:10     | Entered Level 10 of the Dungeon
  7100 | D:10     | Noticed a centaur warrior
  7107 | D:10     | Killed a centaur warrior
  7112 | D:10     | Noticed a harpy
  7114 | D:10     | Noticed a two-headed ogre
  7114 | D:10     | Noticed a gargoyle
  7117 | D:10     | Noticed a two-headed ogre
  7120 | D:10     | Killed a harpy
  7121 | D:10     | Reached XP level 11. HP: 64/97 MP: 11/11
  7122 | D:10     | Killed a two-headed ogre
  7128 | D:10     | Killed a two-headed ogre
  7246 | D:10     | Noticed a five-headed hydra
  7453 | D:10     | Noticed a two-headed ogre
  7461 | D:10     | Killed a two-headed ogre
  7462 | D:10     | Reached skill level 10 in Fighting
  7519 | D:10     | Noticed an orc knight
  7535 | D:10     | Killed an orc knight
  7544 | D:10     | Found a staircase to the Orcish Mines.
  7837 | D:10     | Found a stormy altar of Qazlal.
  7844 | D:10     | Found a sacrificial altar of Ru.
  7845 | D:10     | Found a hide-covered altar of Uskayaw.
  7845 | D:10     | Found a glowing golden altar of the Shining One.
  7845 | D:10     | Found an ancient bone altar of Kikubaaqudgha.
  7848 | D:10     | Found a radiant altar of Vehumet.
  7973 | D:11     | Lost mutation: Your tail ends in a venomous barb. [Jiyva's
                  | grace]
  7973 | D:11     | Lost mutation: Your mind is very acute. (Int +8, Str/Dex
                  | -2) [Jiyva's grace]
  7973 | D:11     | Lost mutation: Your mind is acute. (Int +4, Str/Dex -1)
                  | [Jiyva's grace]
  7973 | D:11     | Lost mutation: Your muscles are very strong. (Str +8,
                  | Int/Dex -2) [Jiyva's grace]
  7973 | D:11     | Gained mutation: Your tail ends in a venomous barb.
                  | [Jiyva's grace]
  7973 | D:11     | Gained mutation: Your tail ends in a sharp venomous barb.
                  | [Jiyva's grace]
  7973 | D:11     | Gained mutation: Your tail ends in a wickedly sharp and
                  | venomous barb. [Jiyva's grace]
  7973 | D:11     | Gained mutation: You have supernaturally acute eyesight.
                  | (SInv) [Jiyva's grace]
  7985 | D:11     | Reached skill level 10 in Unarmed Combat
  7988 | D:11     | Noticed a sun demon
  7989 | D:11     | Noticed a sixfirhy
  7993 | D:11     | Demolished by a sun demon

Illustrated notes

Levels and vault maps discovered:
D:1:      arrival_aquarium_b, layout_basic
D:2:      layout_loops_corners, uniq_terence, uniq_jessica,
          uniq_crazy_yiuf_cottage
D:3:      layout_basic, nemelex_spade_bored_becter, gup_sewer_entry_bowl,
          chequers_ecumenical_altar_simple, serial_rivers,
          chequers_serial_rivers_large_b, chequers_serial_rivers_micro_e,
          chequers_serial_rivers_small_3, chequers_serial_rivers_marsh,
          chequers_serial_rivers_micro_c, chequers_serial_rivers_large_a,
          dk_vineyard_3
D:4:      gammafunk_steamed_eel, layout_loops_cross, fedhas_altar_3
D:5:      layout_rooms
D:6:      layout_rooms
D:7:      layout_gridville, minmay_temple_entry_offerings,
          minmay_unpleasant_kobolds
D:8:      layout_basic, david_lair_generic, serial_shops, nicolae_shop_trees,
          uniq_prince_ribbit1
D:9:      layout_small_grid, uniq_maurice, uniq_grum, uniq_erolcha,
          uniq_jeremiah
D:10:     wad_statue_garden, layout_long_grid, minitemple, david_orc_5
D:11:     layout_big_octagon, serial_shops, shop

Skill      XL: |  1  2  3  4  5  6  7  8  9 10 11 |
---------------+----------------------------------+-----
Dodging        | 2 3 4 5 6 8 |  8.9
Fighting       | 2 3 4 5 6 7 9 10 | 10.3
Unarmed Combat | 4 5 6 7 9 10 | 10.0
Shapeshifting  | 4 5 6 7 8 9 |  9.3

Action                     |  1- 3 |  4- 6 |  7- 9 | 10-12 || total
---------------------------+-------+-------+-------+-------++-------
  Melee: Unarmed           |    78 |   160 |   215 |   189 ||   642
         Tailslap          |    13 |    15 |    31 |    28 ||    87
         Punch             |     2 |     3 |     9 |     8 ||    22
         Kick              |       |    17 |    76 |    60 ||   153
         Headbutt          |       |       |       |    26 ||    26
 Invoke: Oozemancy         |       |       |     1 |     5 ||     6
Ability: Breathe Dispellin |       |       |     1 |     1 ||     2
  Evoke: Wand              |       |     2 |     3 |     6 ||    11
    Use: Potion            |     1 |     4 |       |     1 ||     6
         Scroll            |       |     3 |     2 |       ||     5
   Stab: Sleeping          |       |       |       |     1 ||     1
 Armour: Skin              |    47 |    96 |   126 |    96 ||   365
  Dodge: Dodged            |    37 |    87 |   131 |   205 ||   460
  Block: Other             |       |       |    41 |     6 ||    47
   Form: Flux              |       |       |       |     1 ||     1

Table legend: (Time is in decaauts)
 A = Elapsed time spent in this place.
 B = Non-inter-level travel time spent in this place.
 C = Inter-level travel time spent in this place.
 D = Time resting spent in this place.
 E = Time spent auto-exploring this place.
 F = Levels seen in this place.
 G = Mean time per level.
                   A        B        C        D        E       F      G
               +--------+--------+--------+--------+--------+-----+--------+
         Total |   8028 |   7751 |    277 |    668 |   5492 |  12 |  669.0 |
       Dungeon |   7751 |   7474 |    277 |    668 |   5318 |  11 |  704.6 |
         Sewer |    277 |    277 |      0 |      0 |    174 |   1 |  277.0 |
               +--------+--------+--------+--------+--------+-----+--------+

Top non-repeatable levels by time:
     D:2: 1568 daAuts
    D:10: 942 daAuts
     D:8: 820 daAuts
     D:1: 812 daAuts
     D:9: 731 daAuts
     D:7: 726 daAuts
     D:3: 681 daAuts
     D:6: 507 daAuts
     D:4: 483 daAuts
     D:5: 459 daAuts
   Sewer: 277 daAuts
    D:11: 18 daAuts
